 Dungeon Crawl Stone Soup version 0.30-a0-55-g90e3122c3a (webtiles) character file.

Game seed: 3102163802620051314

103 jlumianski the Chopper (level 4, -7/34 HPs)
             Began as a Demonspawn Gladiator on Sept 9, 2022.
             Blown up by an orc (19 damage)
             ... with a mindburst bolt
             ... on level 4 of the Dungeon.
             The game lasted 00:11:13 (3492 turns).

jlumianski the Chopper (Demonspawn Gladiator)       Turns: 3492, Time: 00:11:14

Health: -7/34      AC: 11    Str: 16    XL:     4   Next: 51%
Magic:  4/4        EV:  7    Int: 15    God:
Gold:   214        SH:  0    Dex: 15    Spells: 3/3 levels left

rFire   . . .      SeeInvis .    a - +0 war axe
rCold   . . .      Faith    .    (no shield)
rNeg    . . .      Spirit   .    p - +0 chain mail
rPois   .          Reflect  .    c - +1 helmet
rElec   .          Harm     .    o - +0 cloak
rCorr   .          Rampage  .    (no gloves)
Will    .....                    (no boots)
Stlth   ..........               (no amulet)
HPRegen 0.11/turn                k - +6 ring of intelligence
MPRegen 0.09/turn                (no ring)

@: no status effects
A: hooves 1
a: no special abilities


You were on level 4 of the Dungeon.
You visited 1 branch of the dungeon, and saw 4 of its levels.

You collected 214 gold pieces.

Inventory:

Hand Weapons
 a - a +0 war axe (weapon)
Missiles
 d - 3 throwing nets
 e - a javelin
 g - 8 stones
 h - 4 atropa-tipped darts
 l - 5 poisoned darts (quivered)
Armour
 b - a +0 leather armour
 c - a +1 helmet (worn)
 n - the +3 leather armour of Niredgha {-Tele Will+ Str+7 Stlth+}
   (You found it on level 2 of the Dungeon)

   Str:       It affects your strength (+7).
   -Tele:     It prevents most forms of teleportation.
   Will:      It increases your willpower.
   Stlth:     It makes you more stealthy.
 o - a +0 cloak (worn)
 p - a +0 chain mail (worn)
Jewellery
 k - a +6 ring of intelligence (left hand)
Scrolls
 r - a scroll of fear
Potions
 f - a potion of invisibility
 i - a potion of haste
 j - a potion of might {unknown}
 m - a potion of curing
 q - a potion of flight
 s - a potion of attraction {unknown}


   Skills:
 + Level 2.7 Fighting
 + Level 3.8 Axes
 + Level 1.8 Throwing
 + Level 1.1 Armour
 + Level 3.2 Dodging
 + Level 0.3 Stealth


You had 3 spell levels left.
You didn't know any spells.
Your spell library contained the following spells:

 Spells                   Type           Power      Damage    Failure   Level
 Foxfire                  Conj/Fire      0%         2x1d4     99%         1
 Shock                    Conj/Air       0%         1d3       99%         1
 Conjure Flame            Conj/Fire      0%         6-21      100%        3
 Inner Flame              Hex/Fire       0%         N/A       100%        3
 Swiftness                Air            0%         N/A       100%        3
 Airstrike                Air            0%         2d(0-16)  100%        4
 Flame Wave               Conj/Fire      0%         2d4       100%        4


Dungeon Overview and Level Annotations

Branches:
Dungeon (4/15)
 Temple: D:4-7

Altars:
Fedhas
Hepliaklqana


Innate Abilities, Weirdness & Mutations

You have large cloven feet.


Message History

Done exploring.
(D) Dungeon
Where to? (? - help)
What level of the Dungeon? (default 1, ? - help)
There is a stone staircase leading down here.
You climb downwards.
There is a stone staircase leading up here.
r - a scroll of fear You open the door.
There is an open door here.
You open the door.
There is an open door here.
You open the door.
There is an open door here.
A kobold comes into view. It is wielding a +0 club.
The kobold shouts!
The kobold throws a stone.
The stone barely misses you.
You barely miss the kobold. You kick the kobold, but do no damage.
The kobold hits you with a +0 club. x2
You closely miss the kobold. You kick the kobold, but do no damage.
An orc comes into view.
It is wielding a +0 dagger and carrying a wand of mindburst (5).
The kobold hits you but does no damage.
The orc shouts!
You hit the kobold but do no damage. Your kick misses the kobold.
The kobold hits you but does no damage.
You completely miss the kobold. Your kick misses the kobold.
The kobold hits you but does no damage.
The orc zaps a wand.
Your mind is blasted!
Ouch! That really hurt!
The kobold hits you but does no damage.
You barely miss the kobold. You kick the kobold.
The kobold is severely wounded.
The orc zaps a wand.
Your mind is blasted!
The kobold hits you but does no damage.
Unknown command.
You hit the kobold but do no damage.
The kobold is heavily wounded.
The kobold closely misses you.
The orc zaps a wand.
Your mind is blasted!
Ouch! That really hurt!
You die...

#....#..#
#....'..#
#....#####
#####....####
#....#..#
#....'..+
#<...##'#
#######.##+#
......o.@K.#
...........#
.....##....#
##... #....#
#.. .....+ #.
#.....# ..
##....#
####+#


You could see an orc and a kobold.

Vanquished Creatures
  An orc priest (D:3)
  A worm (D:3)
  2 dart slugs
  4 orcs
  A bat (D:1)
  4 endoplasms
  2 giant cockroaches
  12 hobgoblins
  A quokka (D:2)
  6 ball pythons
  2 frilled lizards (D:1)
  13 goblins
  3 kobolds (D:2)
  2 rats
54 creatures vanquished.

Notes
Turn   | Place    | Note
-------+----------+-------------------------------------------
     0 | D:1      | jlumianski the Demonspawn Gladiator began the quest for the
                  | Orb.
     0 | D:1      | Reached XP level 1. HP: 16/16 MP: 1/1
    90 | D:1      | Found a faded altar of an unknown god.
   293 | D:1      | Gained mutation: You have large cloven feet. [demonic
                  | ancestry]
   293 | D:1      | Reached XP level 2. HP: 22/22 MP: 2/2
   464 | D:2      | Identified the +3 leather armour of Niredgha {-Tele Will+
                  | Str+7 Stlth+}
  1642 | D:2      | Reached XP level 3. HP: 26/28 MP: 3/3
  1913 | D:3      | Found a blossoming altar of Fedhas.
  2759 | D:3      | Found a hazy altar of Hepliaklqana.
  2918 | D:3      | Reached skill level 1 in Armour
  2918 | D:3      | Reached XP level 4. HP: 15/34 MP: 4/4
  3492 | D:4      | Blown up by an orc

Illustrated notes

Levels and vault maps discovered:
D:1:      mrwooster_arrival_statue_2, layout_basic,
          dilly_ecumenical_altar_fadedgnrine, corner_web_ring,
          nicolae_concentric_dashed_squares_mild
D:2:      layout_basic, grunt_decor_one_mirror, dk_noncrumbling_4
D:3:      cheibrodos_greedy_goblins, layout_basic, amcnicky_altar_gilded,
          mainiacjoe_overflow_cross_hatched
D:4:      layout_gridville, gammafunk_ghost_abyssal_escape,
          kennysheep_opposing_triangles

Skill      XL: |  1  2  3 |
---------------+----------+-----
Axes           | 3 |  3.8
Dodging        | 3 |  3.2
Armour         | 1 |  1.1
Fighting       | |  2.7
Throwing       | |  1.8
Stealth        | |  0.3

Action                   |  1- 3 |  4- 6 || total
-------------------------+-------+-------++-------
Melee: War axe           |   115 |    17 ||   132
       Kick              |    18 |     6 ||    24
       Punch             |     1 |     1 ||     2
Throw: Dart              |       |     2 ||     2
  Use: Scroll            |     9 |       ||     9
       Potion            |     3 |       ||     3
Armor: Leather armour    |    32 |     4 ||    36
       Chain mail        |       |     6 ||     6
Dodge: Dodged            |    88 |     8 ||    96

Table legend: (Time is in decaauts)
 A = Elapsed time spent in this place.
 B = Non-inter-level travel time spent in this place.
 C = Inter-level travel time spent in this place.
 D = Time resting spent in this place.
 E = Time spent auto-exploring this place.
 F = Levels seen in this place.
 G = Mean time per level.
                   A        B        C        D        E       F      G
               +--------+--------+--------+--------+--------+-----+--------+
         Total |   3536 |   3508 |     28 |    385 |   2174 |   4 |  884.0 |
       Dungeon |   3536 |   3508 |     28 |    385 |   2174 |   4 |  884.0 |
               +--------+--------+--------+--------+--------+-----+--------+

Top non-repeatable levels by time:
     D:3: 1324 daAuts
     D:2: 992 daAuts
     D:1: 939 daAuts
     D:4: 280 daAuts
